 Dungeon Crawl Stone Soup version 0.30.1-3-gfc49f6343a (webtiles) character file.

Game seed: 13419924359775786359

2037 Zeor the Basher (level 9, 0/67 (70) HPs)
             Began as a Demonspawn Berserker on July 27, 2023.
             Was an Elder of Trog.
             Slain by a wight
             ... wielding a +2 spear
              (4 damage)
             ... on level 6 of the Dungeon.
             The game lasted 00:13:58 (5483 turns).

Zeor the Basher (Demonspawn Berserker)              Turns: 5483, Time: 00:13:59

HP:   0/67 (70)     AC: 12    Str: 21    XL:     9   Next: 4%
MP:   9/9           EV: 11    Int:  9    God:    Trog [****..]
Gold: 273           SH:  0    Dex: 13    Spells: 8/8 levels left

rFire   + . .        a - +3 flail of the Eternal Warrior {spect, rF+ Stlth+}
rCold   . . .        (no shield)
rNeg    . . .        p - +0 scale mail
rPois   .            (helmet restricted)
rElec   .            (no cloak)
rCorr   .            v - +0 pair of gloves
SInv    .            m - +0 pair of boots
Will    .....        g - amulet of faith
Stlth   ++           (no ring)
HPRegen 0.31/turn    (no ring)
MPRegen 0.11/turn

%: faith
@: lethally poisoned (0 -> -4), on berserk cooldown, slowed, lightly drained,
very slow
A: antennae 1, rugged brown scales 3
a: Renounce Religion, Berserk, Trog's Hand, Brothers in Arms


You were on level 6 of the Dungeon.
You worshipped Trog.
Trog was greatly pleased with you.
You visited 1 branch of the dungeon, and saw 6 of its levels.

You collected 273 gold pieces.

Inventory:

Hand Weapons
 a - the +3 flail of the Eternal Warrior (weapon) {spect, rF+ Stlth+}
   (You acquired it on level 2 of the Dungeon)

   rF:        It protects you from fire.
   Stlth:     It makes you more stealthy.
 h - a +1 mace
Missiles
 j - 4 datura-tipped darts
 k - 4 silver boomerangs
 l - a throwing net
 t - 9 poisoned darts
 y - 5 boomerangs (quivered)
Armour
 m - a +0 pair of boots (worn)
 p - a +0 scale mail (worn)
 v - a +0 pair of gloves (worn)
Jewellery
 g - an amulet of faith (around neck)
 x - a ring of willpower
Wands
 f - a wand of mindburst (18)
 w - a wand of charming (1)
Scrolls
 e - a scroll of magic mapping
 n - a scroll of teleportation
 o - a scroll of fog
 r - a scroll of enchant weapon
 s - a scroll of blinking
Potions
 b - a potion of lignification {unknown}
 c - 2 potions of heal wounds
 d - a potion of ambrosia {unknown}
 i - 3 potions of curing
 q - a potion of mutation {unknown}
 u - 2 potions of might


   Skills:
 + Level 4.7 Fighting
 * Level 9.3 Maces & Flails
 + Level 3.9 Armour
 + Level 2.9 Dodging
 - Level 2.8 Stealth


You had 8 spell levels left.
You didn't know any spells.
Your spell library was empty.

Dungeon Overview and Level Annotations

Branches:
Dungeon (6/15)             Temple (0/1) D:4

Altars:
Fedhas

Shops:
D:3 (   D:5 *


Innate Abilities, Weirdness & Mutations

You have a pair of small antennae on your head.
You are completely covered in rugged brown scales. (AC +3, +7% HP)


Message History

You are poisoned.
The adder poisons you! The adder closely misses you.
The adder bites you but does no damage. x2
You miss the adder.
The adder is lightly wounded.
Your +3 flail of the Eternal Warrior {spect, rF+ Stlth+} barely misses the adder.
You feel sick. The adder bites you but does no damage. The adder bites you.
The adder bites you but does no damage. x2
You sock the adder!
The adder is almost dead.
Your +3 flail of the Eternal Warrior {spect, rF+ Stlth+} hits the adder!
You kill the adder!
Trog accepts your kill.
You feel sick. The adder bites you.
You are more poisoned.
The adder poisons you! The wight hits you but does no damage.
A bolt of electricity appears from out of your range of vision.
The bolt of electricity hits your +3 flail of the Eternal Warrior {spect, rF+ Stlth+}.
Your +3 flail of the Eternal Warrior {spect, rF+ Stlth+} resists.
Your spectral weapon shares its damage with you!
The adder bites you but does no damage.
Throw: 5 boomerangs (silver)
Press: ? - help, Shift-Dir - straight line, f - adder
Aim: an adder (40% to hit)
You throw a silver boomerang.
The silver boomerang closely misses the adder.
Your +3 flail of the Eternal Warrior {spect, rF+ Stlth+} disappears.
You feel very sick. The adder bites you but does no damage.
The wight hits you from afar with a +2 spear!
* * * LOW HITPOINT WARNING * * *
You feel drained.
* * * LOW HITPOINT WARNING * * *
The adder bites you but does no damage.
The wight hits you from afar with a +2 spear.
* * * LOW HITPOINT WARNING * * *
You feel sick. The wight hits you with a +2 spear!
* * * LOW HITPOINT WARNING * * *
You feel drained.
You die... ▒▒▒ ▒≈≈≈ ≈≈≈≈ ▒≈∙∙ ∙∙∙∙

▒▒▒ ▒≈∙♣ ∙∙∙♣ ▒∙∙ ▒≈∙▒
∙∙∙▒ ▒∙▒ ▒≈∙▒ ∙∙∙∙▒ ▒∙▒
▒▒▒▒▒▒≈∙♣▒▒♣∙∙∙∙♣▒ ▒∙▒
▒∙∙∙∙▒≈))∙∙∙∙∙∙∙∙∙ ▒∙▒
▒∙▒▒∙'))∙S6z∙∙∙∙∙∙ ▒∙▒▒
▒∙▒▒∙'))∙∙∙∙∙∙∙∙∙∙
∙∙∙▒▒▒▒∙▒▒▒▒≈∙∙∙∙∙∙∙∙∙∙∙
▒∙∙∙∙∙<∙∙∙∙▒≈∙♣▒▒♣∙∙∙∙♣▒
▒∙∙▒∙∙∙∙∙∙∙▒≈∙▒ ∙∙∙∙▒
▒▒▒▒▒ ▒∙∙▒∙▒▒∙▒▒▒▒≈∙▒
∙∙∙∙▒ ▒∙∙∙∙
▒∙∙∙∙∙∙▒∙∙∙▒≈∙♣ ∙∙∙♣
▒∙▒▒▒ ▒∙▒▒∙▒▒∙▒▒▒▒≈∙∙


∙∙∙∙ ▒<▒▒▒ ▒∙▒▒∙▒▒∙▒ ▒∙∙∙∙ You could see a wight and an adder.

Vanquished Creatures
  Sigmund (D:3)
  A steam dragon (D:6)
  2 water moccasins (D:6)
  An orc warrior (D:6)
  3 black bears
  A centaur (D:6)
  A gnoll sergeant (D:4)
  2 scorpions (D:6)
  5 wights (D:6)
  4 hounds
  4 orc priests
  2 iguanas
  A sleepcap (D:4)
  Natasha (D:3)
  Terence (D:3)
  2 orc wizards
  7 gnolls
  8 adders
  3 white imps
  3 dart slugs
  9 orcs
  9 ball pythons
  6 endoplasms
  2 giant cockroaches
  5 goblins
  4 hobgoblins
  7 jackals
  5 bats
  A frilled lizard (D:2)
  7 kobolds
  9 rats
117 creatures vanquished.

Notes
Turn   | Place    | Note
-------+----------+-------------------------------------------
     0 | D:1      | Zeor the Demonspawn Berserker began the quest for the Orb.
     0 | D:1      | Reached XP level 1. HP: 18/18 MP: 1/1
   190 | D:1      | Reached skill level 3 in Maces & Flails
   352 | D:1      | Gained mutation: You are partially covered in rugged brown
                  | scales. (AC +1, +3% HP) [demonic ancestry]
   352 | D:1      | Reached XP level 2. HP: 18/24 MP: 2/2
  1049 | D:2      | Identified a scroll of acquirement
  1049 | D:2      | Acquired the +3 flail of the Eternal Warrior {spect, rF+
                  | Stlth+}
  1085 | D:2      | Gained mutation: You are mostly covered in rugged brown
                  | scales. (AC +2, +5% HP) [demonic ancestry]
  1085 | D:2      | Reached XP level 3. HP: 24/30 MP: 3/3
  1337 | D:2      | Reached ** piety under Trog
  1968 | D:3      | Noticed Sigmund
  1980 | D:3      | Killed Sigmund
  1981 | D:3      | Reached skill level 5 in Maces & Flails
  1981 | D:3      | Reached skill level 1 in Stealth
  1981 | D:3      | Gained mutation: You have a pair of small antennae on your
                  | head. [demonic ancestry]
  1981 | D:3      | Reached XP level 4. HP: 34/36 MP: 4/4
  1981 | D:3      | Gained mutation: You are completely covered in rugged brown
                  | scales. (AC +3, +7% HP) [demonic ancestry]
  1981 | D:3      | Reached XP level 5. HP: 34/43 MP: 5/5
  2159 | D:3      | Noticed Terence
  2171 | D:3      | Killed Terence
  2172 | D:3      | Reached XP level 6. HP: 23/51 MP: 6/6
  2375 | D:3      | Found Xuit's Antique Weapon Emporium.
  2673 | D:3      | You fall into a shaft and drop 2 floors!
  2673 | D:5      | Entered Level 5 of the Dungeon
  2734 | D:4      | Found a blossoming altar of Fedhas.
  2743 | D:4      | Found a staircase to the Ecumenical Temple.
  2920 | D:3      | Noticed Natasha
  2925 | D:3      | Killed Natasha
  3739 | D:4      | Reached skill level 6 in Maces & Flails
  4330 | D:5      | Reached XP level 7. HP: 56/56 MP: 7/7
  4333 | D:5      | Reached *** piety under Trog
  4526 | D:5      | Found Qucva Riudd's General Store.
  4704 | D:5      | Identified the +0 trident "Zeor's Peril" {pain, rC+}
  4728 | D:5      | Reached skill level 7 in Maces & Flails
  4787 | D:6      | Noticed a steam dragon
  4791 | D:6      | Killed a steam dragon
  4792 | D:6      | Reached XP level 8. HP: 64/64 MP: 8/8
  5011 | D:6      | Reached skill level 8 in Maces & Flails
  5467 | D:6      | Reached skill level 9 in Maces & Flails
  5470 | D:6      | Reached XP level 9. HP: 66/70 MP: 9/9
  5477 | D:6      | Reached **** piety under Trog
  5483 | D:6      | Slain by a wight

Illustrated notes

Levels and vault maps discovered:
D:1:      psy_arrival_statuary, layout_basic
D:2:      layout_basic, st_stairs_14, kennysheep_cross_bottleneck,
          nrook_mini_backslash, minmay_crystal_room
D:3:      layout_basic, serial_shops, nicolae_shop_window_shopping,
          uniq_sigmund, uniq_natasha, uniq_terence
D:4:      layout_gridville, kennysheep_mini_moat, minmay_temple_entry_junction,
          minmay_bent
D:5:      layout_rooms, serial_shops, nicolae_shop_just_a_little_nook
D:6:      layout_loops_ring, kennysheep_dice

Skill      XL: |  1  2  3  4  5  6  7  8 |
---------------+-------------------------+-----
Maces & Flails | 3 5 6 7 9 |  9.3
Dodging        | 2 |  2.9
Stealth        | 1 2 |  2.8
Armour         | 2 3 |  3.9
Fighting       | 4 |  4.7

Action                     |  1- 3 |  4- 6 |  7- 9 || total
---------------------------+-------+-------+-------++-------
  Melee: Mace              |    27 |       |       ||    27
         Flail             |    41 |   100 |    90 ||   231
  Throw: Boomerang         |       |       |     1 ||     1
 Invoke: Berserk           |     1 |     3 |     2 ||     6
    Use: Scroll            |     7 |     5 |     3 ||    15
   Stab: Sleeping          |     4 |     3 |     1 ||     8
         Distracted        |       |       |     1 ||     1
 Armour: Animal skin       |    18 |     3 |       ||    21
         Scale mail        |       |    38 |    46 ||    84
  Dodge: Dodged            |    46 |    51 |    51 ||   148
